 Dungeon Crawl Stone Soup version 0.27.0-66-gdc8fb28755 (webtiles) character file.

Game seed: 7341313779818721364

107 funkygono the Firebug (level 4, -1/24 HPs)
             Began as a Gargoyle Fire Elementalist on Aug 19, 2021.
             Slain by Duvessa (3 damage)
             ... on level 4 of the Dungeon.
             The game lasted 00:04:30 (2441 turns).

funkygono the Firebug (Gargoyle Fire Elementalist)  Turns: 2441, Time: 00:04:30

Health: -1/24      AC:  6    Str: 12    XL:     4   Next: 85%
Magic:  13/17      EV: 12    Int: 16    God:
Gold:   102        SH:  0    Dex: 10    Spells: 1/9 levels left

rFire    . . .     SeeInvis .   d - +0 club
rCold    . . .     Faith    .   (no shield)
rNeg     + . .     Spirit   .   a - +0 robe
rPois    ∞         Reflect  .   (no helmet)
rElec    +         Harm     .   (no cloak)
rCorr    .         Rampage  .   (no gloves)
Will     .....                  j - +0 pair of boots
Stlth    ++........             e - amulet of magic regeneration
HPRegen  0.08/turn              h - ring of magical power
MPRegen  0.40/turn              (no ring)

@: very slightly contaminated
A: sickness immunity, AC +3, negative energy resistance 1, electricity
resistance, torment resistance 1, petrification resistance
a: no special abilities


You were on level 4 of the Dungeon.
You visited 1 branch of the dungeon, and saw 4 of its levels.

You collected 102 gold pieces.

Inventory:

Hand Weapons
 d - a +0 club (weapon)
Armour
 a - a +0 robe (worn)
 j - a +0 pair of boots (worn)
Jewellery
 e - an amulet of magic regeneration (around neck)
 h - a ring of magical power (left hand)
Potions
 b - a potion of mutation {unknown}
 c - 2 potions of degeneration {unknown}
 f - a potion of curing {unknown}
 g - a potion of haste {unknown}
 i - a potion of heal wounds {unknown}


   Skills:
 + Level 0.2 Fighting
 + Level 0.4 Maces & Flails
 + Level 1.9 Dodging
 - Level 2.1 Stealth
 + Level 3.0 Spellcasting
 + Level 2.1 Conjurations
 + Level 4.0 Fire Magic


You had one spell level left.
You knew the following spells:

 Your Spells              Type           Power      Damage    Failure   Level
a - Foxfire               Conj/Fire      48%        2x1d6     5%          1
b - Conjure Flame         Conj/Fire      12%        6-21      16%         3
c - Sticky Flame          Conj/Fire      12%        2d4       45%         4

Your spell library contained the following spells:

 Spells                   Type           Power      Damage    Failure   Level
 Inner Flame              Hex/Fire       8%         N/A       24%         3
 Ignite Poison            Fire/Tmut/Pois 6%         N/A       32%         3
 Fireball                 Conj/Fire      6%         3d5       82%         5


Dungeon Overview and Level Annotations

Branches:
Dungeon (4/15)
 Temple: D:4-7

Altars:
Ru

Annotations:
D:4 Dowan, Duvessa


Innate Abilities, Weirdness & Mutations

You are immune to sickness and miasma.
Your stone body is resilient. (AC +3)
You are immune to poison.
You resist negative energy. (rN+)
You are resistant to electric shocks. (rElec)
You are resistant to unholy torment.
You are immune to petrification.


Message History

Duvessa is moderately wounded.
The foxfire hits Duvessa.
Duvessa is moderately wounded.
Duvessa hits you with a +0 short sword. Dowan barely misses you.
Duvessa says, "When magic and the sword combine, nothing stands against them."
Duvessa barely misses you.
Casting: Foxfire (safe; 5% risk of failure)
Confirm with . or Enter, or press ? or * to list all spells.
You conjure some foxfire!
The foxfire hits Dowan.
Dowan is lightly wounded.
The foxfire hits Dowan.
Dowan is lightly wounded.
Duvessa misses you. Dowan closely misses you.
Casting: Foxfire (safe; 5% risk of failure)
Confirm with . or Enter, or press ? or * to list all spells.
You miscast Foxfire.
Nothing appears to happen.
The foxfire hits Duvessa but does no damage.
Duvessa is moderately wounded.
The foxfire hits Duvessa.
Duvessa is moderately wounded.
Duvessa hits you with a +0 short sword! Dowan closely misses you.
Duvessa hits you with a +0 short sword.
* * * LOW HITPOINT WARNING * * *
Casting: Foxfire (safe; 5% risk of failure)
Confirm with . or Enter, or press ? or * to list all spells.
You conjure some foxfire!
Duvessa hits you with a +0 short sword.
* * * LOW HITPOINT WARNING * * *
Dowan mumbles some strange words.
Dowan blinks!
Duvessa barely misses you.
The foxfire hits Dowan but does no damage.
Dowan is lightly wounded.
Dowan says, "Stay away from my face!"
Duvessa closely misses you.
The foxfire hits Dowan.
Dowan is moderately wounded.
Duvessa hits you with a +0 short sword.
* * * LOW HITPOINT WARNING * * *
Duvessa hits you with a +0 short sword.
You die...

########
#......#######
#......'.....#
#......#####.#
#..........#.#
#......###.#.#
#....ee###.#.#
#.....@....#.#
#.......####.#
#.......# ee
#.......#####
#....<.........
###'##########.
#........
#########


You could see Duvessa (fast) and Dowan.

Vanquished Creatures
  A hound (D:4)
  3 adders
  A worm (D:3)
  4 endoplasms
  A giant cockroach (D:1)
  4 goblins
  6 hobgoblins
  4 jackals (D:1)
  4 quokkas
  5 ball pythons
  6 bats
  3 frilled lizards
  A kobold (D:3)
  3 rats (D:1)
46 creatures vanquished.

Vanquished Creatures (others)
  159 foxfires
159 creatures vanquished.

Grand Total: 205 creatures vanquished

Notes
Turn   | Place    | Note
-------+----------+-------------------------------------------
     0 | D:1      | funkygono the Gargoyle Fire Elementalist began the quest
                  | for the Orb.
     0 | D:1      | Reached XP level 1. HP: 10/10 MP: 3/3
   253 | D:1      | Reached XP level 2. HP: 15/15 MP: 0/5
   618 | D:1      | Reached XP level 3. HP: 19/19 MP: 0/6
   824 | D:1      | Found a faded altar of an unknown god.
  1152 | D:1      | Learned a level 3 spell: Conjure Flame
  1811 | D:2      | Reached XP level 4. HP: 24/24 MP: 8/8
  1831 | D:2      | Learned a level 4 spell: Sticky Flame
  2021 | D:3      | Found a sacrificial altar of Ru.
  2395 | D:4      | Reached skill level 4 in Fire Magic
  2416 | D:4      | Noticed Duvessa
  2416 | D:4      | Noticed Dowan
  2439 | D:4      | HP: 1/24 [Duvessa (5)]
  2441 | D:4      | Slain by Duvessa

Illustrated notes

Levels and vault maps discovered:
D:1:      lemuel_arrival_muddy, layout_rooms, basic_ecumenical_altar,
          kennysheep_minor_cross
D:2:      layout_basic
D:3:      minmay_bubble_buster, layout_rooms, mainiacjoe_overflow_alcove_4,
          hangedman_ru_absence
D:4:      layout_basic, grunt_qazlal_clouds, minmay_close_crescents,
          uniq_duvessa

Skill      XL: |  1  2  3  4 |
---------------+-------------+-----
Spellcasting   | 3 |  3.0
Conjurations   | 2 |  2.1
Fire Magic     | 4 |  4.0
Fighting       | |  0.2
Maces & Flails | |  0.4
Dodging        | |  1.9
Stealth        | |  2.1

Action                   |  1- 3 |  4- 6 || total
-------------------------+-------+-------++-------
Melee: Unarmed           |     5 |       ||     5
       Club              |    17 |     4 ||    21
 Cast: Foxfire           |    61 |    32 ||    93
  Use: Scroll            |       |     1 ||     1
Armor: Robe              |    11 |     2 ||    13
Dodge: Dodged            |    37 |    13 ||    50
